 Dungeon Crawl Stone Soup version 0.30-a0-4-ga7cffc901d (webtiles) character file.

Game seed: 15611848931547649063

1173 Setbun the Ducker (level 8, 0/48 HPs)
             Began as a Kobold Enchanter on Aug 20, 2022.
             Was an Initiate of Wu Jian.
             Slain by an ice beast (10 damage)
             ... on level 6 of the Dungeon.
             The game lasted 00:07:16 (6715 turns).

Setbun the Ducker (Kobold Enchanter)                Turns: 6715, Time: 00:07:17

Health: 0/48       AC:  3    Str:  5    XL:     8   Next: 68%
Magic:  12/12      EV: 18    Int: 17    God:    Wu Jian [......]
Gold:   211        SH:  0    Dex: 17    Spells: 12/12 levels left

rFire   . . .      SeeInvis .    f - +1 short sword (venom)
rCold   . . .      Faith    .    (no shield)
rNeg    . . .      Spirit   .    b - +0 robe
rPois   +          Reflect  .    (no helmet)
rElec   .          Harm     .    (no cloak)
rCorr   .          Rampage  .    m - +0 pair of gloves
Will    .....                    (no boots)
Stlth   +++++.....               (no amulet)
HPRegen 0.16/turn                p - ring of poison resistance
MPRegen 0.13/turn                (no ring)

@: no status effects
A: small, no large weapons, nightstalker 3
a: Renounce Religion


You were on level 6 of the Dungeon.
You worshipped Wu Jian.
Wu Jian was noncommittal.
You visited 2 branches of the dungeon, and saw 7 of its levels.
You also visited: Sewer.

You collected 211 gold pieces.

Inventory:

Hand Weapons
 a - a +1 dagger
 f - a +1 short sword of venom (weapon)
 v - a +2 dagger of flaming
Armour
 b - a +0 robe (worn)
 m - a +0 pair of gloves (worn)
Jewellery
 p - a ring of poison resistance (left hand)
 x - a ring of ice
Wands
 r - a wand of mindburst (11)
Scrolls
 h - a scroll of summoning {unknown}
 i - a scroll of magic mapping {unknown}
 k - 3 scrolls of identify {unknown}
 l - 4 scrolls of teleportation {unknown}
 o - a scroll of enchant weapon {unknown}
 q - 3 scrolls of fog {unknown}
 s - a scroll of blinking
 y - a scroll of noise {unknown}
Potions
 c - a potion of invisibility
 d - 2 potions of attraction {unknown}
 e - 4 potions of degeneration {unknown}
 g - 2 potions of heal wounds {unknown}
 j - a potion of lignification {unknown}
 n - a potion of curing {unknown}
 t - a potion of berserk rage {unknown}
 u - 3 potions of mutation {unknown}
 w - a potion of haste {unknown}


   Skills:
 + Level 4.3 Fighting
 + Level 5.4 Short Blades
 * Level 7.3 Dodging
 + Level 7.1 Stealth
 + Level 2.9 Spellcasting
 + Level 3.6 Hexes


You had 12 spell levels left.
You didn't know any spells.
Your spell library contained the following spells:

 Spells                   Type           Power      Damage    Failure   Level
 Confusing Touch          Hex            14%        N/A       12%         3
 Tukima's Dance           Hex            14%        N/A       12%         3
 Ensorcelled Hibernation  Hex/Ice        16%        N/A       13%         2
 Dazzling Flash           Conj/Hex       16%        N/A       26%         3


Dungeon Overview and Level Annotations

Branches:
Dungeon (6/15)             Temple (1/1) D:5           Sewer (visited)

Altars:
Ashenzari
Cheibriados
Dithmenos
Kikubaaqudgha
Makhleb
Okawaru
Qazlal
Sif Muna
Trog
Wu Jian
Xom
Zin
The Shining One

Annotations:
D:4 1 transporter, Kazon's ghost, novice NaBe


Innate Abilities, Weirdness & Mutations

You are small and have problems with some larger weapons.
You are completely attuned to the shadows.


Message History

The ice beast closely misses you.
You closely miss the ice beast.
The ice beast is lightly wounded.
The ice beast misses you.
You barely miss the ice beast.
The ice beast is lightly wounded.
You hit the ice beast but do no damage.
The ice beast is poisoned.
The ice beast is lightly wounded.
The ice beast misses you.
You hit the ice beast.
The ice beast looks as sick as possible!
The ice beast is lightly wounded.
The ice beast hits you. The ice beast freezes you!
You barely miss the ice beast.
The ice beast is lightly wounded.
The ice beast completely misses you.
You barely miss the ice beast.
The ice beast is moderately wounded.
The ice beast misses you.
You hit the ice beast.
The ice beast is heavily wounded.
The ice beast hits you. The ice beast freezes you!
* * * LOW HITPOINT WARNING * * *
You closely miss the ice beast.
The ice beast is heavily wounded.
You hit the ice beast but do no damage.
The ice beast is heavily wounded.
The ice beast closely misses you.
You hit the ice beast.
The ice beast is heavily wounded.
The ice beast misses you.
You barely miss the ice beast.
The ice beast is heavily wounded.
The ice beast hits you but does no damage.
You closely miss the ice beast.
The ice beast is severely wounded.
The ice beast hits you.
* * * LOW HITPOINT WARNING * * *
The ice beast freezes you!
You die...

#.# ###.#######
#.........#
#.#######.# #.#
..###.# #.#
#.....#######
#.#
............####
#.#
#......##.......
#(#
#.##....#..@Y...
##.# #.
#....#.......
...#
#....###.####
#### #.# ...


You could see an ice beast (very poisoned).

Vanquished Creatures
  2 black bears (D:4)
  An ogre (D:5)
  2 bullfrogs (Sewer)
  A necrophage (D:5)
  A scorpion (D:5)
  A howler monkey (D:4)
  4 orc priests
  A hound (D:5)
  7 orc wizards
  3 gnolls (D:3)
  10 adders
  A worm (D:4)
  2 dart slugs (D:4)
  22 orcs
  A bat (D:3)
  18 endoplasms
  5 giant cockroaches
  7 goblins
  8 hobgoblins
  7 quokkas
  15 ball pythons
  10 frilled lizards
  10 kobolds
  9 rats
148 creatures vanquished.

Vanquished Creatures (others)
  An orc wizard (D:4)
1 creature vanquished.

Grand Total: 149 creatures vanquished

Notes
Turn   | Place    | Note
-------+----------+-------------------------------------------
     0 | D:1      | Setbun the Kobold Enchanter began the quest for the Orb.
     0 | D:1      | Reached XP level 1. HP: 10/10 MP: 3/3
   417 | D:1      | Reached XP level 2. HP: 16/16 MP: 5/5
   753 | D:1      | Reached XP level 3. HP: 18/20 MP: 6/6
   805 | D:1      | Reached skill level 1 in Fighting
   822 | D:1      | Found a faded altar of an unknown god.
  1715 | D:2      | Reached XP level 4. HP: 16/25 MP: 7/7
  2361 | D:3      | Reached XP level 5. HP: 24/30 MP: 8/8
  2669 | D:3      | Reached skill level 5 in Stealth
  3006 | D:4      | Noticed a black bear
  3012 | D:4      | Killed a black bear
  3013 | D:4      | Reached skill level 5 in Dodging
  3013 | D:4      | Reached XP level 6. HP: 36/36 MP: 9/9
  3052 | D:4      | Noticed an ogre
  3053 | D:4      | Noticed Kazon's ghost (novice NaBe)
  3054 | D:4      | Found a transporter.
  3058 | D:4      | Noticed an ogre
  3098 | D:4      | Noticed a black bear
  3110 | D:4      | Killed a black bear
  3120 | D:4      | Found a glowing drain.
  3127 | Sewer    | Entered a sewer
  3496 | Sewer    | Reached XP level 7. HP: 41/41 MP: 10/10
  4719 | D:4      | Reached XP level 8. HP: 35/48 MP: 11/11
  5261 | D:5      | Entered Level 5 of the Dungeon
  5330 | D:5      | Reached skill level 5 in Short Blades
  6424 | D:5      | Found a staircase to the Ecumenical Temple.
  6486 | Temple   | Entered the Ecumenical Temple
  6605 | Temple   | Became a worshipper of the Wu Jian Council
  6715 | D:6      | Slain by an ice beast

Illustrated notes

Levels and vault maps discovered:
D:1:      onia_arrival_handbag, layout_loops_ring,
          ebering_ecumenical_altar_petrified, serial_aquarium,
          aquarium_bridge_long_joined [aquarium_subvault_window,
          aquarium_subvault_bridge, aquarium_subvault_wall,
          aquarium_subvault_balcony, aquarium_subvault_bridge,
          aquarium_subvault_wall], aquarium_window_2,
          aquarium_window_corridor_2, aquarium_window_1, aquarium_window_2,
          aquarium_view_2a, aquarium_view_2f, aquarium_pool_five, minivault_19
D:2:      layout_rooms, minmay_misc_feat_rugged
D:3:      layout_basic
D:4:      layout_gridville, portal_sewer_entry_d, gammafunk_ghost_smash
D:5:      layout_rooms, temple_fountains
D:6:      layout_basic, jmf_multi_god_temple2, uniq_maggie, uniq_grinder,
          uniq_duvessa
Temple:   nicolae_temple_god_jail

Skill      XL: |  1  2  3  4  5  6  7  8 |
---------------+-------------------------+-----
Dodging        | 3 4 5 6 7 |  7.3
Short Blades   | 2 3 4 5 |  5.4
Fighting       | 1 2 3 4 |  4.3
Stealth        | 5 6 7 |  7.1
Spellcasting   | |  2.9
Hexes          | |  3.6

Action                   |  1- 3 |  4- 6 |  7- 9 || total
-------------------------+-------+-------+-------++-------
Melee: Dagger            |     6 |       |       ||     6
       Short sword       |    72 |   137 |   251 ||   460
       Punch             |       |       |     4 ||     4
  Use: Potion            |       |       |     1 ||     1
 Stab: Sleeping          |    16 |    17 |    19 ||    52
       Distracted        |       |     1 |       ||     1
Armor: Robe              |     8 |    11 |    24 ||    43
Dodge: Dodged            |    48 |    84 |   198 ||   330

Table legend: (Time is in decaauts)
 A = Elapsed time spent in this place.
 B = Non-inter-level travel time spent in this place.
 C = Inter-level travel time spent in this place.
 D = Time resting spent in this place.
 E = Time spent auto-exploring this place.
 F = Levels seen in this place.
 G = Mean time per level.
                   A        B        C        D        E       F      G
               +--------+--------+--------+--------+--------+-----+--------+
         Total |   6739 |   6552 |    187 |   1454 |   3944 |   8 |  842.4 |
       Dungeon |   5715 |   5548 |    167 |   1299 |   3331 |   6 |  952.5 |
        Temple |    134 |    114 |     20 |      0 |     92 |   1 |  134.0 |
         Sewer |    888 |    888 |      0 |    155 |    521 |   1 |  888.0 |
               +--------+--------+--------+--------+--------+-----+--------+

Top non-repeatable levels by time:
     D:3: 1367 daAuts
     D:1: 1298 daAuts
     D:5: 1256 daAuts
     D:4: 1003 daAuts
   Sewer: 888 daAuts
     D:2: 743 daAuts
  Temple: 134 daAuts
     D:6: 47 daAuts
